 Dungeon Sprint DCSS version 0.31-a0-435-g2c6fae2916 (webtiles) character file.

Game seed: 13812602045986939967

9 Turgor the Sneak (level 2, -3/15 HPs)
             Began as a Vampire Enchanter on Aug 1, 2023.
             Slain by an ogre
             ... wielding a +0 giant club
              (10 damage)
             ... in the Dungeon (Sprint IX: "|||||||||||||||||||||||||||||").
             The game lasted 00:00:46 (51 turns).

Turgor the Sneak (Vampire Enchanter)                  Turns: 51, Time: 00:00:46

Health: -3/15      AC:  2    Str:  7    XL:     2   Next: 3%
Magic:  5/5        EV: 12    Int: 17    God:
Gold:   0          SH:  0    Dex: 14    Spells: 5/5 levels left

rFire   . . .        a - +1 dagger
rCold   + + .        (no shield)
rNeg    + + +        b - +0 robe
rPois   ∞            (no helmet)
rElec   .            (no cloak)
rCorr   .            (no gloves)
SInv    +            (no boots)
Will    .....        (no amulet)
Stlth   +++++        (no ring)
HPRegen 0.00/turn    (no ring)
MPRegen 0.09/turn

%: no teleportation
@: bloodless, inhibited regen, invisible
A: bloodless, fangs 3, see invisible, vampiric 1
a: Revivify


You were in the Dungeon.
You visited 1 branch

Inventory:

Hand Weapons
 a - a +1 dagger (weapon)
Armour
 b - a +0 robe (worn)
Scrolls
 i - a scroll of blinking
Potions
 c - a potion of invisibility
 d - a potion of curing
 e - a potion of heal wounds
 f - a potion of haste
 g - 2 potions of magic
 h - a potion of berserk rage


   Skills:
 + Level 3.2 Short Blades
 - Level 2.1 Dodging
 + Level 6.3 Stealth
 - Level 2.0 Spellcasting
 - Level 4.4 Hexes


You had 5 spell levels left.
You didn't know any spells.
Your spell library contained the following spells:

 Spells                   Type           Power      Damage    Failure   Level
 Confusing Touch          Hex            16%        N/A       10%         3
 Tukima's Dance           Hex            16%        N/A       10%         3
 Ensorcelled Hibernation  Hex/Ice        18%        N/A       12%         2
 Dazzling Flash           Conj/Hex       18%        N/A       24%         3


Dungeon Overview and Level Annotations

Branches:
Dungeon (1/1)

Altars:


Innate Abilities, Weirdness & Mutations

You do not regenerate when monsters are visible.
You are frail without blood (-20% HP).
You can heal yourself when you bite living creatures.
You are immune to poison.
You have razor-sharp teeth.
You have supernaturally acute eyesight. (SInv)
You are afflicted with vampirism.


Message History

The kobold hits you but does no damage.
You hit the kobold.
You kill the kobold!
Your Short Blades skill increases to level 3!
Things that are here:
a +0 club; 3 stones
Things that are here:
a +0 short sword; a kobold corpse
There is an open door to the Dungeon, spattered with blood here.
Things that are here:
a +0 short sword; a kobold corpse You start resting.
HP restored.
Things that are here:
a +0 club; 3 stones You open the door.
A hound, a phantom, a shadow imp, an ogre and an orc come into view.
There is an open door here.
The helpless orc fails to defend itself.
You bite the orc, and draw its blood! You impale the orc!!
You kill the orc!
You have reached level 2!
The hound barks!
The shadow imp shouts!
The ogre shouts!
The ogre hits you with a +0 giant club!
Ouch! That really hurt!
You see here a +0 hand axe.
Unknown command.
You fade into invisibility!
You hit the ogre.
The ogre is moderately wounded.
You hit the ogre.
The ogre is moderately wounded.
The ogre barely misses you.
You hit the ogre but do no damage.
The ogre is moderately wounded.
You hit the ogre.
The ogre is heavily wounded.
The ogre hits you with a +0 giant club!
Ouch! That really hurt!
You die...

▓+▓
▓W▓
▓h▓
▓5▓
▓O▓
▓@▓
▓'▓
▓.▓
▓.▓
▓)▓
▓.▓
▓)▓
▓'▓
▓.▓


You could see an ogre (unable to see you), a phantom (unable to see you), a
hound and a shadow imp (unable to see you).

Vanquished Creatures
  A dart slug (D)
  An orc (D)
  A bat (D)
  2 kobolds (D)
  A rat (D)
6 creatures vanquished.

Notes
Turn   | Place    | Note
-------+----------+-------------------------------------------
     0 | D        | Turgor the Vampire Enchanter began the quest for the Orb.
     0 | D        | Reached XP level 1. HP: 13/13 MP: 3/3
    12 | D        | Reached skill level 5 in Stealth
    22 | D        | Reached skill level 6 in Stealth
    43 | D        | Noticed a hound
    43 | D        | Noticed a phantom
    43 | D        | Noticed an ogre
    46 | D        | Reached XP level 2. HP: 15/15 MP: 5/5
    51 | D        | Slain by an ogre

Illustrated notes

Levels and vault maps discovered:
D:        linesprint [early_d, line_temple, items_1, d_10, items_2, lair_1,
          lair_end, items_3, orc_1, orc_end, items_4, d_15, swamp_1, shoals_1,
          snake_1, spider_1, d_20, vaults_1, items_5, swamp_end, shoals_end,
          snake_end, spider_end, vaults_end, d_27, items_6, zot_1, zot_end,
          crypt_end, forest_end, elf_end, slime_end, tomb_end, abyss_end,
          pan_hell_end]

Skill      XL: |  1 |
---------------+----+-----
Short Blades   | 3 |  3.2
Stealth        | 6 |  6.3
Dodging        | |  2.1
Spellcasting   | |  2.0
Hexes          | |  4.4

Action                     || total
---------------------------++-------
  Melee: Dagger            ||    17
         Bite              ||     1
Ability: Exsanguinate      ||     1
    Use: Potion            ||     1
   Stab: Sleeping          ||     2
 Armour: Robe              ||     4
  Dodge: Dodged            ||     5

Table legend: (Time is in decaauts)
 A = Elapsed time spent in this place.
 B = Non-inter-level travel time spent in this place.
 C = Inter-level travel time spent in this place.
 D = Time resting spent in this place.
 E = Time spent auto-exploring this place.
 F = Levels seen in this place.
 G = Mean time per level.
                   A        B        C        D        E       F      G
               +--------+--------+--------+--------+--------+-----+--------+
         Total |     48 |     48 |      0 |      9 |      0 |   1 |   48.0 |
       Dungeon |     48 |     48 |      0 |      9 |      0 |   1 |   48.0 |
               +--------+--------+--------+--------+--------+-----+--------+

Top non-repeatable levels by time:
       D: 48 daAuts
